Unix NetHack Version 5.0.0-0 post-release - last build May  4 2026 22:22:43 (774f63e81ad911689b3a0859ea89b322d5daca8d,branch:main).

Game began 2026-05-06 05:59:16, ended 2026-05-06 06:22:35.

01246791210, neutral male human Barbarian

                                                                 ----    ---
                                                               ---..| ----.---
                                                               |....---......|
                                                  . ----      --.............|
                                                  |.|.<--------..%...|.%.....|
                                                  |..h...%)........-----^.----
                                                  --.....------...--   ----
                                                   ---.....---....|
                                                     |....G@......--
                                                     ---Gr.....G...|
                                                       #......|...--
                                                       ----.-----.|------
                                                          ---   |%--.|..--
                                                                |........|
                                                                ---..|..--
                                                                  |..|---
                                                                 --..|
                                                                 |...|
                                                                 --.)|
                                                                  ----

01246791210 the Pillager   St:17 Dx:16 Co:18 In:7 Wi:9 Ch:7  Neutral
Dlvl:4  $:0  HP:0(48) Pw:9(9) AC:7  Xp:4 T:2505  Weak     Stressed

Latest messages:
 The arrow hits the gnome.
 You kill the gnome!
 You hear some noises in the distance.
 The gnome shoots an arrow!
 An arrow misses you.
 The gnome lord shoots an arrow!
 The arrow hits the gnome.
 The gnome picks up an arrow.
 The gnome lord shoots 2 arrows!
 You are hit by the 1st arrow!
 The 2nd arrow misses you.
 The gnome swings his bow.
 The gnome hits!
 The dwarf throws a dagger!
 The dagger hits the gnome zombie.
 The gnome lord picks up an arrow.
 The gnome picks up an arrow.
 The gnome escapes upstairs!
 The dwarf wields a dagger!
 The gnome shoots an arrow!
 An arrow misses you.
 The dwarf throws a dagger!
 The dagger misses the gnome.
 You are hit by a dagger.
 The gnome lord picks up a cursed crossbow.
 The gnome shoots an arrow!
 You are hit by an arrow.
 The gnome lord shoots an arrow!
 The gnome lord misfires!
 You miss the gnome zombie.
 The gnome lord picks up an arrow.
 The rock mole eats a dagger!
 You destroy the gnome zombie!
 You are beginning to feel weak.
 The gnome shoots an arrow!
 You are hit by an arrow.
 You don't have enough stamina to move.
 You don't have enough stamina to move.
 The gnome shoots an arrow!
 The gnome misfires!
 You don't have enough stamina to move.
 The gnome hits!
 You don't have enough stamina to move.
 The gnome hits!
 You die...
 Do you want your possessions identified? [ynq] (y) n
 Do you want to see your attributes? [ynq] (y) n
 Do you want an account of creatures vanquished? [ynaq] (y) n
 Do you want to see your conduct and achievements? [ynq] (y) n
 Do you want to see the dungeon overview? [ynq] (y) n

Inventory:
 Weapons  (')')
  v - 7 blessed +1 crossbow bolts
  q - 8 cursed +1 silver arrows
  l - a +0 sling
  k - 11 +0 darts
  j - a cursed -1 dart
  w - a +1 dagger
  r - 5 +0 daggers
  b - a +0 axe (alternate weapon; not wielded)
  a - a +0 two-handed sword (weapon in hands)
 Armor    ('[')
  h - an uncursed +0 orcish helm
  s - an uncursed +1 pair of iron shoes
  t - an uncursed +0 dwarvish cloak
  c - an uncursed +0 ring mail (being worn)
 Scrolls  ('?')
  e - an uncursed scroll of enchant armor
 Potions  ('!')
  f - an uncursed potion of extra healing
  x - an uncursed potion of object detection
  n - an uncursed potion of paralysis
  p - an uncursed potion of restore ability
 Tools    ('(')
  g - an uncursed locked large box containing 2 items
 Gems/Stones  ('*')
  o - an uncursed worthless piece of black glass
  u - a cursed loadstone

Contents of the large box:
  an uncursed scroll of scare monster
  a cursed -2 ring of increase accuracy

01246791210 the Barbarian's attributes:

Background:
 You were a Pillager, a level 4 male human Barbarian.
 You were neutral, nominally on a mission for Crom
 who was opposed by Mitra (lawful) and Set (chaotic).
 You were right-handed.
 You were in the Gnomish Mines, on level 4.
 You entered the dungeon 2505 turns ago.
 You had 150 experience points, 10 more were needed to attain level 5.

Basics:
 You had 0 out of 48 hit points.
 You had all 9 energy points (spell power).
 Your armor class was 7.
 Your wallet was empty.
 Autopickup was off.

Final Characteristics:
 Your strength was 17 (base:18, limit:18/100).
 Your dexterity was 16 (limit:18).
 Your constitution was 18 (limit:18).
 Your intelligence was 7 (limit:18).
 Your wisdom was 9 (limit:18).
 Your charisma was 7 (limit:18).

Final Status:
 You were weak from severe hunger.
 You were stressed; movement was moderately slowed.
 You were wielding a two-handed sword.
 You had basic skill with two-handed sword.

Final Attributes:
 You were piously aligned.
 You were poison resistant.
 You were warded.
 You are dead.

Miscellaneous:
 You didn't encounter any bones levels.
 Total elapsed playing time was 21 minutes and 16 seconds.

Major events:
 Turn
    1: 01246791210 the neutral male human Barbarian entered the dungeon
 1147: attained the rank of Pillager (level 3)
 2226: entered the Gnomish Mines
 2505: killed by a gnome

You didn't know any spells.

Skills:
 Fighting Skills
   bare handed combat [Basic]
   two weapon combat  [Unskilled]
   riding             [Unskilled]
 Weapon Skills
   dagger             [Unskilled]
   axe                [Basic]
   pick-axe           [Unskilled]
   short sword        [Unskilled]
   broadsword         [Unskilled]
   long sword         [Unskilled]
   two-handed sword   [Basic]
   saber              [Unskilled]
   club               [Unskilled]
   mace               [Unskilled]
   morning star       [Unskilled]
   flail              [Unskilled]
   hammer             [Unskilled]
   quarterstaff       [Unskilled]
   spear              [Unskilled]
   trident            [Unskilled]
   bow                [Unskilled]
 Spellcasting Skills
   attack spells      [Unskilled]
   escape spells      [Unskilled]

Voluntary challenges:
 Character rerolling was not enabled.
 You followed a strict vegan diet.
 You were an atheist.
 You were illiterate.
 You never genocided any monsters.
 You never polymorphed an object.
 You never changed form.
 You used no wishes.
Achievements:
 You attained the rank of Pillager.
 You entered the Gnomish Mines.

 The Dungeons of Doom: levels 1 to 3
    Level 1:
       A grave.
    Level 2:
       A fountain.
    Level 3:
       Some fountains, a sink.
       Stairs down to The Gnomish Mines.
 The Gnomish Mines:
    Level 4: <- You were here.
       Final resting place for
          you, killed by a gnome.


Vanquished creatures:
  a shrieker
  a gnome leader
  a dwarf
  a dwarf zombie
  a large kobold
  a giant rat
  5 gnomes
  a gnome zombie
  2 geckos
  5 jackals
  a fox
  2 kobolds
  2 goblins
  5 sewer rats
  4 grid bugs
 10 lichens
  3 newts
46 creatures vanquished.

No species were genocided or became extinct.

Game over:
                       ----------
                      /          \
                     /    REST    \
                    /      IN      \
                   /     PEACE      \
                  /                  \
                  |   01246791210    |
                  |       0 Au       |
                  |   killed by a    |
                  |      gnome       |
                  |                  |
                  |                  |
                  |       2026       |
                 *|     *  *  *      | *
        _________)/\\_//(\/(/\)/\//\/|_)_______

Goodbye 01246791210 the Barbarian...

You died in The Gnomish Mines on dungeon level 4 with 750 points,
and 0 pieces of gold, after 2505 moves.
You were level 4 with a maximum of 48 hit points when you died.

